 Dungeon Crawl Stone Soup version 0.30-a0-557-ge2afbf3030 (webtiles) character file.

Game seed: 2207934909128119793

4447 jfcaron the Cleaver (level 10, -7/74 HPs)
             Began as a Demonspawn Monk on Dec 28, 2022.
             Was a Priest of Qazlal.
             Mangled by a two-headed ogre
             ... wielding a +0 great mace
              (20 damage)
             ... on level 7 of the Dungeon.
             The game lasted 00:13:34 (6533 turns).

jfcaron the Cleaver (Demonspawn Monk)               Turns: 6533, Time: 00:13:35

Health: -7/74      AC: 11    Str: 15    XL:     10   Next: 15%
Magic:  16/16      EV: 12    Int: 14    God:    Qazlal [***...]
Gold:   410        SH:  4    Dex: 16    Spells: 9/9 levels left

rFire   . . .      SeeInvis .    a - +0 hand axe (flame)
rCold   . . .      Faith    +    (no shield)
rNeg    . . .      Spirit   .    t - +0 ring mail {rPois}
rPois   +          Reflect  .    (no helmet)
rElec   .          Harm     .    i - +0 cloak
rCorr   .          Rampage  .    (no gloves)
Will    .....                    (no boots)
Stlth   +                        o - amulet of faith
HPRegen 0.32/turn                n - +4 ring of protection
MPRegen 0.15/turn                (no ring)

@: about to teleport
A: claws 1, powered by pain 1, spiny 2, big brain 1
a: Renounce Religion, Upheaval, Elemental Force


You were on level 7 of the Dungeon.
You worshipped Qazlal.
Qazlal was most pleased with you.
You visited 2 branches of the dungeon, and saw 8 of its levels.

You collected 410 gold pieces.

Inventory:

Hand Weapons
 a - a +0 hand axe of flaming (weapon)
 x - a +0 war axe
 y - the +8 spear "Venoloits" {flame, rElec}
   (You found it on level 5 of the Dungeon)

   It burns those it strikes, dealing additional fire damage.
   rElec:     It insulates you from electricity.
Missiles
 m - 26 stones
 E - 6 poisoned darts
 F - 3 silver javelins {!f}
Armour
 b - a +0 robe
 i - a +0 cloak (worn)
 r - a +0 chain mail
 t - a +0 ring mail of poison resistance (worn)
   (You found it on level 3 of the Dungeon)
 B - a +2 ring mail of fire resistance
   (You took it off an orc on level 6 of the Dungeon)
Jewellery
 n - a +4 ring of protection (left claw)
   (You found it on level 2 of the Dungeon)
 o - an amulet of faith (around neck)
   (You found it on level 2 of the Dungeon)
Wands
 f - a wand of digging (11)
   (You found it on level 4 of the Dungeon)
Scrolls
 d - 4 scrolls of noise
 e - a scroll of immolation {unknown}
 h - 4 scrolls of teleportation
 k - a scroll of fog
 u - a scroll of brand weapon
 v - 2 scrolls of vulnerability
 z - 2 scrolls of magic mapping {unknown}
 A - a scroll of blinking {unknown}
Potions
 c - 6 potions of ambrosia
 g - 9 potions of curing
 j - a potion of mutation
 l - 2 potions of heal wounds
 p - a potion of cancellation
 q - a potion of brilliance
 s - 2 potions of haste
 w - 2 potions of attraction
 C - a potion of might {unknown}
 D - 2 potions of resistance {unknown}
 H - a potion of degeneration {unknown}


   Skills:
 - Level 5.0 Fighting
 * Level 10.0 Axes
 + Level 6.4 Armour
 - Level 3.0 Dodging
 - Level 2.0 Stealth
 + Level 8.2 Invocations


You had 9 spell levels left.
You didn't know any spells.
Your spell library contained the following spells:

 Spells                   Type           Power      Damage    Failure   Level
 Cigotuvi's Dreadful Rot  Necr/Pois/Air  0%         N/A       61%         2
 Poisonous Vapours        Pois/Air       0%         N/A       61%         2
 Mephitic Cloud           Conj/Pois/Air  0%         N/A       83%         3


Dungeon Overview and Level Annotations

Branches:
Dungeon (7/15)             Temple (1/1) D:4

Altars:
Ashenzari
Dithmenos
Fedhas
Gozag
Hepliaklqana
Kikubaaqudgha
Makhleb
Nemelex Xobeh
Okawaru
Qazlal
Ru
Sif Muna
Trog
Uskayaw
Vehumet
Xom
Yredelemnul

Shops:
D:1 :   D:3 (

Annotations:
D:3 1 runed translucent door, Crazy Yiuf


Innate Abilities, Weirdness & Mutations

You have sharp fingernails.
You sometimes gain a little power by taking damage.
You are mostly covered in sharp spines.
You have an unusually large brain. (Int +2)


Message History

You block the vampire mosquito's attack.
You closely miss the vampire mosquito.
The vampire mosquito is heavily damaged.
You block the vampire mosquito's attack.
The vampire mosquito is struck by your spines.
The vampire mosquito barely misses you.
You hit the vampire mosquito. You burn the vampire mosquito.
You destroy the vampire mosquito!
Qazlal accepts your kill.
You close the door, pushing everything out of the way.
You start resting.
You feel a little less agile now.
You start resting.
Magic restored.
You start resting.
You hear two shouts! x2
A two-headed ogre opens the door.
It is wielding a +0 great mace and a +0 giant club.
A two-headed ogre is nearby!
Okay, then.
Unknown command.
Okay, then.
Unknown command.
Okay, then.
Unknown command.
Okay, then.
Unknown command.
The two-headed ogre attacks as you move away!
You block the two-headed ogre's attack.
The two-headed ogre hits you with a +0 giant club!!
* * * LOW HITPOINT WARNING * * *
As you read the scroll of teleportation, it crumbles to dust.
You feel strangely unstable.
The two-headed ogre attacks as you move away!
The two-headed ogre is struck by your spines.
The two-headed ogre closely misses you.
The two-headed ogre hits you with a +0 giant club.
* * * LOW HITPOINT WARNING * * *
The two-headed ogre attacks as you move away!
The two-headed ogre hits you with a +0 great mace!!
You die...

##...##.#.##.##..#
##...#...#......#
#.#.##.##...#.###
#....#.#........#
##...#'#........# ##
##..).........[#
.######............#
...<###.###....O○..#
###.....###.....@..#
###....#######...#
#....#..##
###.###### #
#.#####..####
#......# ###.#
##....#####.....#
.##.#
####..†........#
....# #######.....#
#..## #.....# #..#
#.....#


You could see a two-headed ogre.

Vanquished Creatures
  A two-headed ogre (D:7)
  A manticore (D:7)
  7 yaks
  A basilisk (D:7)
  A steam dragon (D:5)
  A vampire mosquito (D:7)
  2 water moccasins (D:6)
  3 black bears
  A sky beast (D:7)
  4 ogres
  A phantom (D:7)
  2 kobold brigands
  4 bullfrogs
  A scorpion (D:6)
  2 howler monkeys
  4 orc priests
  A gnoll bouda (D:5)
  3 iguanas
  2 orc wizards
  7 gnolls
  9 adders
  A shadow imp (D:5)
  3 white imps
  2 worms (D:3)
  11 dart slugs
  14 orcs
  8 endoplasms
  A giant cockroach (D:1)
  3 goblins
  7 hobgoblins
  7 jackals
  20 kobolds
  4 quokkas
  5 ball pythons
  5 bats
  5 frilled lizards
  6 rats
160 creatures vanquished.

Notes
Turn   | Place    | Note
-------+----------+-------------------------------------------
     0 | D:1      | jfcaron the Demonspawn Monk began the quest for the Orb.
     0 | D:1      | Reached XP level 1. HP: 18/18 MP: 1/1
   162 | D:1      | Gained mutation: You are partially covered in sharp spines.
                  | [demonic ancestry]
   162 | D:1      | Reached XP level 2. HP: 24/24 MP: 2/2
   299 | D:1      | Found a faded altar of an unknown god.
   351 | D:1      | Reached skill level 3 in Axes
   736 | D:1      | Found Juiptin's Book Emporium.
   907 | D:2      | Gained mutation: You have sharp fingernails. [demonic
                  | ancestry]
   907 | D:2      | Reached XP level 3. HP: 25/29 MP: 3/3
  1697 | D:3      | Found a runed translucent door.
  1698 | D:3      | Noticed Crazy Yiuf
  1764 | D:3      | Found Utibeng's Antique Weapon Emporium.
  1786 | D:3      | Reached XP level 4. HP: 32/35 MP: 4/4
  1996 | D:3      | Found a bloodstained altar of Trog.
  2667 | D:4      | Noticed a black bear
  2680 | D:4      | Killed a black bear
  2681 | D:4      | Reached skill level 4 in Axes
  2681 | D:4      | Reached skill level 1 in Armour
  2681 | D:4      | Gained mutation: You are mostly covered in sharp spines.
                  | [demonic ancestry]
  2681 | D:4      | Reached XP level 5. HP: 16/42 MP: 5/5
  2995 | D:4      | Found a staircase to the Ecumenical Temple.
  3001 | Temple   | Entered the Ecumenical Temple
  3025 | Temple   | Became a worshipper of Qazlal Stormbringer
  3025 | Temple   | Reached * piety under Qazlal
  3025 | Temple   | Reached ** piety under Qazlal
  3198 | D:5      | Entered Level 5 of the Dungeon
  3204 | D:5      | Gained mutation: You have an unusually large brain. (Int
                  | +2) [demonic ancestry]
  3204 | D:5      | Reached XP level 6. HP: 39/48 MP: 6/6
  3212 | D:5      | Reached skill level 5 in Axes
  3369 | D:5      | Identified the +8 spear "Venoloits" {flame, rElec}
  3711 | D:5      | Reached XP level 7. HP: 38/55 MP: 7/7
  3716 | D:5      | Reached skill level 1 in Invocations
  3861 | D:5      | Reached skill level 5 in Fighting
  4145 | D:5      | Reached skill level 6 in Axes
  4500 | D:6      | Noticed a steam dragon
  4511 | D:5      | Killed a steam dragon
  4660 | D:6      | Gained mutation: You sometimes gain a little power by
                  | taking damage. [demonic ancestry]
  4660 | D:6      | Reached XP level 8. HP: 48/62 MP: 10/10
  4810 | D:6      | Reached *** piety under Qazlal
  4938 | D:6      | Reached skill level 7 in Axes
  4992 | D:6      | Reached skill level 5 in Invocations
  4996 | D:6      | HP: 10/62 [yak (12)]
  5000 | D:6      | Reached skill level 8 in Axes
  5001 | D:6      | Reached XP level 9. HP: 13/68 MP: 6/13
  5002 | D:6      | Reached skill level 5 in Armour
  5223 | D:6      | Found a blossoming altar of Fedhas.
  5223 | D:6      | Found an opulent altar of Gozag.
  5320 | D:6      | Found a sparkling altar of Nemelex Xobeh.
  5320 | D:6      | Found a broken altar of Ashenzari.
  5891 | D:6      | Found a shadowy altar of Dithmenos.
  6108 | D:7      | Reached skill level 9 in Axes
  6109 | D:7      | Reached **** piety under Qazlal
  6404 | D:7      | Noticed a two-headed ogre
  6413 | D:7      | Killed a two-headed ogre
  6417 | D:7      | Noticed a manticore
  6418 | D:7      | Reached XP level 10. HP: 52/74 MP: 12/15
  6425 | D:7      | HP: 13/74 [manticore (3)]
  6426 | D:7      | Killed a manticore
  6427 | D:7      | Reached skill level 10 in Axes
  6439 | D:7      | HP: 11/74 [vampire mosquito (6)]
  6525 | D:7      | Noticed a two-headed ogre
  6532 | D:7      | HP: 12/74 [two-headed ogre/+0 great mace (3)]
  6533 | D:7      | Mangled by a two-headed ogre

Illustrated notes

Levels and vault maps discovered:
D:1:      sevenhm_arrival_forest_fort_small_6, layout_loops_ring,
          hellmonk_ecumenical_altar_inner_sanctum, serial_shops,
          nicolae_diamond_shop, minmay_tetromino_t4
D:2:      layout_basic
D:3:      layout_loops_ring, trog_butcher_becter, serial_shops,
          nicolae_shop_waterfront, st_stairs_2, uniq_crazy_yiuf_cottage
D:4:      layout_rooms, minmay_temple_entry_enclosed_plants
D:5:      kennysheep_slugbush, layout_basic, grunt_ministairs_10,
          nicolae_concentric_dashed_squares_wild
D:6:      layout_basic, kennysheep_mini, gammafunk_temple_overflow_wave,
          mainiacjoe_overflow_catwalk_spiral
D:7:      minmay_the_grid_triangle_9x9_recursive_2
          [minmay_the_grid_triangle_9x9_prize_center,
          minmay_the_grid_triangle_9x9_wacky_v,
          minmay_the_grid_triangle_9x9_limited_checkers,
          minmay_the_grid_triangle_9x9_zippers_horizontal], layout_rooms
Temple:   eino_temple_lava

Skill      XL: |  1  2  3  4  5  6  7  8  9 10 |
---------------+-------------------------------+-----
Stealth        | 2 |  2.0
Axes           | 3 4 5 6 8 9 10 | 10.0
Dodging        | 3 |  3.0
Fighting       | 4 5 |  5.0
Armour         | 1 2 3 4 6 |  6.4
Invocations    | 3 5 7 8 |  8.2

Action                   |  1- 3 |  4- 6 |  7- 9 | 10-12 || total
-------------------------+-------+-------+-------+-------++-------
Melee: Hand axe          |    90 |    86 |   197 |     9 ||   382
       Punch             |     1 |       |     1 |       ||     2
       Spear             |       |       |     3 |       ||     3
Throw: Dart              |     2 |     4 |    24 |     1 ||    31
       Stone             |       |    18 |    31 |       ||    49
       Boomerang         |       |       |     9 |       ||     9
Invok: Upheaval          |       |       |     3 |     1 ||     4
  Use: Scroll            |     3 |     8 |     2 |     1 ||    14
 Stab: Sleeping          |     5 |     2 |       |       ||     7
       Distracted        |     1 |       |       |       ||     1
Armor: Robe              |    14 |       |       |       ||    14
       Chain mail        |    11 |       |       |       ||    11
       Ring mail         |       |    36 |    60 |     2 ||    98
Dodge: Dodged            |    39 |    54 |   109 |    12 ||   214
Block: Other             |       |     5 |    34 |     4 ||    43

Table legend: (Time is in decaauts)
 A = Elapsed time spent in this place.
 B = Non-inter-level travel time spent in this place.
 C = Inter-level travel time spent in this place.
 D = Time resting spent in this place.
 E = Time spent auto-exploring this place.
 F = Levels seen in this place.
 G = Mean time per level.
                   A        B        C        D        E       F      G
               +--------+--------+--------+--------+--------+-----+--------+
         Total |   6546 |   6260 |    286 |    428 |   4742 |   8 |  818.2 |
       Dungeon |   6477 |   6199 |    278 |    428 |   4692 |   7 |  925.3 |
        Temple |     68 |     60 |      8 |      0 |     50 |   1 |   68.0 |
               +--------+--------+--------+--------+--------+-----+--------+

Top non-repeatable levels by time:
     D:6: 1490 daAuts
     D:5: 1326 daAuts
     D:3: 1066 daAuts
     D:1: 829 daAuts
     D:2: 651 daAuts
     D:4: 601 daAuts
     D:7: 512 daAuts
  Temple: 68 daAuts

Table legend:
 A = Kills in this place as a percentage of kills in entire the game.
 B = Kills by you in this place as a percentage of kills by you in the entire game.
 C = Kills by friends in this place as a percentage of kills by friends in the entire game.
 D = Other kills in this place as a percentage of other kills in the entire game.
 E = Experience gained in this place as a percentage of experience gained in the entire game.
 F = Experience gained in this place divided by the number of levels of this place that you have seen.
                   A       B       C       D       E      F
               +-------+-------+-------+-------+-------+----------------------
         Total | 100.0 | 100.0 |   N/A |   N/A | 100.0 | 794.2
       Dungeon | 100.0 | 100.0 |   N/A |   N/A | 100.0 | 907.7
               +-------+-------+-------+-------+-------+----------------------
